Map: Triton LE

Players

Mez

  • Race: Terran Terran
  • League: Master
  • Spawn Location: 5:00

Dennery - Winner!

  • Race: Terran Terran
  • League: Master
  • Spawn Location: 11:00

VOD

Have the link to the VOD?

Description

Time

  • Played on: Aug. 23, 2019, 6:28 p.m.
  • Length: 2:53
Show
View Real Time Build Order
Export as new Build Order

Mez Terran 

Build Orders: Reaper Expand 

Get SALT Encoding   

  12  0:00  SCV  
  13  0:13  SCV  
  14  0:18  Supply Depot  
  14  0:25  SCV  
  15  0:40  SCV  
  15  0:41  Barracks  
  16  0:46  Refinery  
  16  0:52  SCV  
  17  1:04  SCV  
  18  1:20  SCV  
  19  1:34  Orbital Command, Reaper  
  20  1:43  Command Center  
  20  1:56  Supply Depot  
  20  2:02  SCV  
  20  2:08  Barracks Reactor  
  21  2:12  Supply Depot  
  21  2:13  Bunker  
  21  2:16  SCV  
  21  2:19  Refinery  
  22  2:29  SCV  
  22  2:39  Factory  
Show
View Real Time Build Order
Export as new Build Order

Dennery Terran - Winner!

Build Orders:  

Get SALT Encoding   

  12  0:00  SCV  
  13  0:12  SCV  
  14  0:17  Supply Depot  
  14  0:24  SCV  
  15  0:30  Refinery  
  15  0:39  SCV  
  16  0:45  Barracks  
  16  0:51  SCV  
  17  1:04  SCV  
  18  1:14  Barracks  
  17  1:23  SCV  
  18  1:32  Reaper  
  19  1:35  Orbital Command  
  19  1:39  Supply Depot  
  19  2:01  SCV  
  19  2:03  Reaper  
  19  2:04  Reaper  
  22  2:13  SCV  
  23  2:30  Command Center  
  23  2:31  SCV  
  23  2:36  Refinery  
  27  2:45  Supply Depot  
Tags
 
Add a new tag
Caveats
  • Supply blocks, unpowered buildings, or Contaminate may cause inaccurate times.
  • Supply counts are checked every 10 seconds.